 Dungeon Crawl Stone Soup version 0.20.1-1-g8b1a95d (webtiles) character file.

162 dohliylev the Covert (level 5, 0/39 HPs)
             Began as a Vampire Assassin on July 8, 2017.
             Slain by a bat (1 damage)
             ... on level 3 of the Dungeon.
             The game lasted 00:06:29 (1766 turns).

dohliylev the Covert (Vampire Assassin)             Turns: 1766, Time: 00:06:30

Health: 0/39       AC:  3    Str: 10    XL:     5   Next: 19%
Magic:  5/5        EV: 12    Int: 13    God:
Gold:   99         SH:  6    Dex: 17    Spells: 4/4 levels left

rFire    . . .     SeeInvis +   a - +2 dagger
rCold    + . .     Gourm    .   s - +2 buckler
rNeg     + . .     Faith    .   n - +0 robe
rPois    .         Spirit   .   (no helmet)
rElec    .         Reflect  .   d - +0 cloak
rCorr    .         Harm     .   (no gloves)
MR       .....                  (no boots)
Stlth    +++.......             (no amulet)
Regen    0.2/turn               k - ring of loudness (curse)
MPRegen  0.1/turn               t - ring of protection from cold

@: lethally poisoned (0 -> -4)
A: fangs 3, see invisible, unbreathing
a: Bat Form


You were on level 3 of the Dungeon.
You were not thirsty.

You visited 1 branch of the dungeon, and saw 3 of its levels.

You collected 99 gold pieces.

Inventory:

Hand Weapons
 a - a +2 dagger (weapon)
 b - a +0 blowgun
Missiles
 e - 21 poisoned needles
 f - 2 curare-tipped needles
Armour
 d - a +0 cloak (worn)
 n - a +0 robe (worn)
 s - a +2 buckler (worn)
Jewellery
 k - a cursed ring of loudness (left hand)
 t - a ring of protection from cold (right hand)
Scrolls
 c - 2 scrolls of magic mapping {unknown}
 h - a scroll of remove curse {unknown}
 j - 3 scrolls of identify {unknown}
 l - a scroll of teleportation {unknown}
 o - a scroll of recharging {unknown}
 p - 2 scrolls of enchant armour {unknown}
Potions
 g - 11 potions of blood
 i - a potion of degeneration {unknown}
 m - 2 potions of brilliance {unknown}
 q - a potion of agility {unknown}
 r - a potion of magic {unknown}
 u - a potion of ambrosia {unknown}
 v - a potion of curing {unknown}


   Skills:
 + Level 2.4 Fighting
 + Level 3.4 Short Blades
 + Level 1.7 Throwing
 + Level 2.1 Dodging
 + Level 8.0 Stealth


You had 4 spell levels left.
You didn't know any spells.

Dungeon Overview and Level Annotations

Branches:
Dungeon (3/15)

Altars:
Kikubaaqudgha
Sif Muna
Trog


Innate Abilities, Weirdness & Mutations

You have razor-sharp teeth.
You have supernaturally acute eyesight. (SInv)
You can survive without breathing.


Message History

The adder poisons you!
You miss the adder.
The adder is severely wounded.
You block the adder's attack. The adder bites you.
* * * LOW HITPOINT WARNING * * *
You hit the adder.
You kill the adder!
* * * LOW HITPOINT WARNING * * *
You feel sick. You block the bat's attack.
You hit the bat.
You kill the bat!
The bat barely misses you. You block the bat's attack.
You hit the bat.
The bat is moderately wounded.
* * * LOW HITPOINT WARNING * * *
You feel sick. The bat closely misses you. You block the bat's attack.
You hit the bat.
You kill the bat!
The bat hits you.
You die...

#. ...
#..#.#####...
####..#.#... ...
......o.o># ...
.... #...# #.##..
... #...# #.##..
... #..#(..#
#.##.# ..#
#..#...####.##.#
#.#
#(.....(b@...#.#
#.#
#..#.#.#####.#[#
#.# #..#.#.#
#.#.# #.# #.
#)#.#####.#.###.#
#.
#.#.............#
.
..#######.#.....#
## .###
...#####.# ...
#.#### #.#
#.#.### # #.#


You could see a bat.

Vanquished Creatures
  Jessica (D:2)
  6 adders
  2 oozes
  A dart slug (D:2)
  5 orcs (D:3)
  A ball python (D:1)
  2 bat zombies (D:2)
  5 giant cockroaches
  6 goblins
  7 hobgoblins
  3 jackals (D:1)
  8 kobolds
  A quokka (D:2)
  6 bats
  2 frilled lizards
  8 rats
64 creatures vanquished.

Notes
Turn   | Place    | Note
-------+----------+-------------------------------------------
     0 | D:1      | dohliylev the Vampire Assassin began the quest for the Orb.
     0 | D:1      | Reached XP level 1. HP: 16/16 MP: 1/1
    37 | D:1      | Reached skill level 6 in Stealth
   221 | D:1      | Reached XP level 2. HP: 5/22 MP: 2/2
   701 | D:1      | Reached XP level 3. HP: 24/27 MP: 3/3
   759 | D:2      | Noticed Jessica
   772 | D:2      | Killed Jessica
   772 | D:2      | Reached skill level 7 in Stealth
  1110 | D:2      | Reached XP level 4. HP: 32/33 MP: 4/4
  1228 | D:2      | Found a bloodstained altar of Trog.
  1345 | D:2      | Found an ancient bone altar of Kikubaaqudgha.
  1463 | D:2      | Reached skill level 8 in Stealth
  1509 | D:2      | Found a deep blue altar of Sif Muna.
  1673 | D:3      | Reached XP level 5. HP: 38/38 MP: 5/5
  1765 | D:3      | HP: 1/39 [poisoned by an adder]
  1766 | D:3      | Slain by a bat

Skill      XL: |  1  2  3  4 |
---------------+-------------+-----
Stealth        | 6 7 8 |  8.0
Fighting       | 2 |  2.4
Short Blades   | 3 |  3.4
Dodging        | 2 |  2.1
Throwing       | |  1.7

Action                   |  1- 3 |  4- 6 || total
-------------------------+-------+-------++-------
Melee: Dagger            |   113 |   109 ||   222
       Bite              |     7 |    11 ||    18
 Fire: Blowgun           |       |     1 ||     1
 Stab: Sleeping          |    10 |     5 ||    15
  Eat: Corpse            |     3 |     3 ||     6
Armor: Robe              |    19 |    18 ||    37
Dodge: Dodged            |    63 |    50 ||   113
Block: Buckler           |       |     9 ||     9
